 Dungeon Crawl Stone Soup version 0.31-a0-844-gdc52ec4e09 (webtiles) character file.

Game seed: 7687613836494914875

38374 12345 the Markself (level 13, -7/76 HPs)
             Began as a Deep Elf Hunter on Sept 29, 2023.
             Was a Believer of Ru.
             Mangled by an eight-headed hydra (9 damage)
             ... on level 4 of the Lair of Beasts.
             The game lasted 00:53:34 (22545 turns).

12345 the Markself (Deep Elf Hunter)               Turns: 22545, Time: 00:53:35

Health: -7/76      AC:  7    Str:  6    XL:     13   Next: 63%
Magic:  24/24      EV: 19    Int: 16    God:    Ru [**....]
Gold:   1713       SH:  5    Dex: 20    Spells: 14/24 levels left

rFire   + . .        a - +4 longbow (flame)
rCold   + . .        (shield currently unavailable)
rNeg    . . .        n - +2 robe {Will+}
rPois   .            H - +0 helmet
rElec   .            t - scarf {rC+ rF+}
rCorr   .            u - +0 pair of gloves
SInv    +            W - +0 pair of boots
Will    ++...        K - amulet of reflection
Stlth   +++++        y - ring of see invisible
HPRegen 0.32/turn    (no ring)
MPRegen 0.19/turn

%: reflection
@: no status effects
A: clumsy 1, weak 1, unskilled 1, no forms
a: Renounce Religion


You were on level 4 of the Lair of Beasts.
You worshipped Ru.
Ru was pleased with you.
You visited 3 branches of the dungeon, and saw 16 of its levels.
You also visited: Sewer and Bailey.

You collected 1793 gold pieces.
You spent 80 gold pieces at shops.

Inventory:

Hand Weapons
 a - a +4 longbow of flaming (weapon)
 b - a +3 dagger of venom
 w - a +2 vampiric dagger
Missiles
 m - 50 poisoned darts
 s - 2 curare-tipped darts
Armour
 k - a +0 cloak
 n - a +2 robe of willpower (worn)
 t - a scarf of resistance (worn)
 u - a +0 pair of gloves (worn)
 A - a +2 robe of cold resistance
 G - a +0 leather armour of fire resistance
 H - a +0 helmet (worn)
 W - a +0 pair of boots (worn)
Jewellery
 y - a ring of see invisible (left hand)
 K - an amulet of reflection (around neck)
Wands
 v - a wand of flame (36)
 x - a wand of polymorph (2)
 F - a wand of charming (7)
 I - a wand of roots (15)
 J - a wand of mindburst (6)
 Q - a wand of light (2)
Scrolls
 d - 2 scrolls of vulnerability
 e - a scroll of butterflies
 g - 2 scrolls of teleportation
 l - a scroll of summoning
 p - a scroll of enchant armour {unknown}
 q - a scroll of torment {unknown}
 r - 4 scrolls of fear
 B - a scroll of immolation {unknown}
 E - a scroll of fog {unknown}
 R - a scroll of amnesia {unknown}
 S - a scroll of poison
 T - a scroll of revelation
 U - a scroll of blinking {unknown}
 V - a scroll of identify
Potions
 c - a potion of enlightenment
 f - 3 potions of mutation
 h - 2 potions of attraction
 i - 5 potions of might
 j - 4 potions of lignification
 o - 6 potions of ambrosia
 z - a potion of brilliance
 C - 2 potions of cancellation
 D - a potion of berserk rage
 L - 3 potions of haste
 N - a potion of invisibility
 O - a potion of heal wounds
Miscellaneous
 M - a lightning rod (4/4)
 P - a condenser vane


   Skills:
 + Level 7.3 Fighting
 - Level 4.0 Short Blades
 * Level 16.1 Ranged Weapons
 + Level 10.4 Dodging
 + Level 11.0 Stealth
 + Level 6.3 Spellcasting
 - Level 4.0 Translocations
 - Level 5.0 Transmutations
 + Level 3.9 Air Magic
 - Level 5.0 Earth Magic
 - Level 3.0 Evocations


You had 14 spell levels left.
You knew the following spells:

 Your Spells              Type           Power      Damage    Failure   Level
a - Apportation           Tloc           34%        N/A       2%          1
b - Passwall              Tmut/Erth      17%        N/A       2%          2
c - Swiftness             Air            17%        N/A       8%          3
d - Dimensional Bullseye  Hex/Tloc       5%         N/A       50%         4

Your spell library contained the following spells:

 Spells                   Type           Power      Damage    Failure   Level
 Static Discharge         Conj/Air       22%        2-3/arc   9%          2
 Necrotise                Necr           20%        1d5       13%         1
 Summon Small Mammal      Summ           20%        N/A       13%         1
 Ensorcelled Hibernation  Hex/Ice        10%        N/A       21%         2
 Airstrike                Air            8%         2d(2-18)  26%         4
 Ozocubu's Armour         Ice            5%         N/A       36%         3
 Tukima's Dance           Hex            5%         N/A       36%         3
 Iskenderun's Mystic Bla  Conj/Tloc      11%        2d4       50%         4
 Summon Lightning Spire   Summ/Air       11%        N/A       52%         4
 Summon Ice Beast         Ice/Summ       5%         N/A       78%         4
 Summon Mana Viper        Hex/Summ       5%         N/A       98%         5
 Haunt                    Necr/Summ      2%         N/A       100%        7
 Monstrous Menagerie      Summ           2%         N/A       100%        7
 Ozocubu's Refrigeration  Ice            2%         4d8       100%        7
 Borgnjor's Revivificati  Necr           2%         N/A       100%        8
 Chain Lightning          Conj/Air       5%         3d7       100%        9
 Death's Door             Necr           2%         N/A       100%        9
 Fire Storm               Conj/Fire      2%         8d1       100%        9
 Shatter                  Erth           10%        3d12*     100%        9


Dungeon Overview and Level Annotations

Branches:
Dungeon (11/15)            Temple (1/1) D:6            Lair (4/5) D:8
 Shoals (0/4) Lair:2        Snake (0/4) Lair:2          Orc (0/2) D:9
  Sewer (visited)          Bailey (visited)
  Slime: Lair:4-5

Altars:
Ashenzari
Cheibriados
Dithmenos
Elyvilon
Fedhas
Gozag
Hepliaklqana
Kikubaaqudgha
Makhleb
Nemelex Xobeh
Okawaru
Qazlal
Ru
Sif Muna
Trog
Uskayaw
Vehumet
Wu Jian
Xom
Yredelemnul
Zin
The Shining One

Shops:
D:7 [:[[*


Innate Abilities, Weirdness & Mutations

You are clumsy. (Dex -2)
You are weak. (Str -2)
You are somewhat unskilled. (-1 Apt)
You cannot voluntarily change form.


Message History

Being near the torpor snail leaves you feeling lethargic.
You feel yourself speed up. What are your orders? t - Shout!
Orders for allies: a - Attack new target. r - Retreat! s - Stop attacking. g - Guard the area. f - Follow me.
Anything else - Cancel.
You shout for attention!
You hear a roar!
You start waiting.
An eight-headed hydra is nearby!
You shoot an arrow.
The arrow barely misses the eight-headed hydra.
You shoot an arrow. The arrow hits the eight-headed hydra!
The arrow burns the eight-headed hydra.
The eight-headed hydra is lightly wounded.
You shoot an arrow. The arrow hits the eight-headed hydra!
The arrow burns the eight-headed hydra.
The eight-headed hydra is moderately wounded.
You shoot an arrow. The arrow hits the eight-headed hydra.
The arrow burns the eight-headed hydra.
The eight-headed hydra is moderately wounded.
The eight-headed hydra completely misses you.
The eight-headed hydra bites you! The eight-headed hydra misses you.
The eight-headed hydra bites you. x2; The eight-headed hydra bites you! x3
You are too injured to fight recklessly!
You are too injured to fight recklessly!
You are too injured to fight recklessly!
Unknown command.
You shoot an arrow. The arrow hits the eight-headed hydra!
The arrow burns the eight-headed hydra.
The eight-headed hydra is heavily wounded.
You block the eight-headed hydra's attack.
The eight-headed hydra bites you!
* * * LOW HITPOINT WARNING * * *
The eight-headed hydra bites you but does no damage.
The eight-headed hydra bites you!
* * * LOW HITPOINT WARNING * * *
The eight-headed hydra bites you!
You die...

#. #### #####...
###..##... #####
#.....#..^
#...###.......^^
##..............
######.............^
#.D@................
##..#..#.............
#..#######...........
#'### #........... #.
#######..#..... $.
####.########.....
#.w
#....#.##.#.##....
#D#
##................ #.
#..P#.###........


You could see an eight-headed hydra.

Vanquished Creatures
  Erolcha (D:9)
  2 hydras
  A boulder beetle (D:11)
  A two-headed ogre (D:10)
  4 death yaks (Lair:4)
  2 skysharks
  Pikel (D:6)
  2 cyclopes (D:11)
  A manticore (Lair:2)
  3 elephants (Lair:2)
  4 black mambas
  Joseph (D:7)
  A gargoyle (D:11)
  5 cane toads
  Jeremiah (D:6)
  2 rime drakes
  Maggie (D:7)
  7 komodo dragons
  An unseen horror (D:11)
  A queen bee (D:9)
  A wind drake (Lair:2)
  4 polar bears
  6 blink frogs (Lair:3)
  8 trolls
  A hornet (D:9)
  7 dream sheep
  A vampire (D:11)
  4 wyverns
  36 yaks
  A steam dragon (D:8)
  A basilisk (Lair:2)
  2 acid dragons
  24 water moccasins
  Duvessa (D:5)
  10 orc warriors
  A sky beast (D:7)
  2 black bears
  An ice beast (D:7)
  4 ogres
  2 centaurs
  16 wolves
  2 lemures (D:6)
  2 phantoms
  16 bullfrogs
  4 kobold brigands
  Blork the orc (D:6)
  2 gnoll sergeants
  5 scorpions
  5 wights
  Dowan (D:5)
  36 killer bees
  4 electric eels (D:8)
  6 howler monkeys
  11 hounds
  4 orc priests
  3 sleepcaps
  Natasha (thrice) (D:2)
  An iguana (D:5)
  10 orc wizards
  A hell rat (Sewer)
  6 adders
  14 gnolls
  6 river rats
  3 shadow imps
  2 white imps
  3 worms
  47 orcs
  6 bats
  8 endoplasms
  6 giant cockroaches (D:4)
  9 hobgoblins
  25 kobolds
  5 quokkas
  10 ball pythons
  5 frilled lizards
  9 goblins
  12 rats
468 creatures vanquished.

Notes
Turn   | Place    | Note
-------+----------+-------------------------------------------
     0 | D:1      | 12345 the Deep Elf Hunter began the quest for the Orb.
     0 | D:1      | Reached XP level 1. HP: 12/12 MP: 3/3
   183 | D:1      | Reached XP level 2. HP: 17/17 MP: 4/4
   626 | D:2      | Reached XP level 3. HP: 19/21 MP: 5/5
   738 | D:2      | Learned a level 1 spell: Apportation
   750 | D:2      | Reached skill level 6 in Ranged Weapons
   809 | D:2      | Noticed Natasha
   812 | D:2      | Killed Natasha
   813 | D:2      | Reached XP level 4. HP: 19/26 MP: 6/6
   882 | D:2      | Noticed Natasha
   886 | D:2      | Killed Natasha
   895 | D:2      | Noticed Natasha
   905 | D:2      | Killed Natasha
  1056 | D:2      | Reached XP level 5. HP: 25/31 MP: 7/7
  1356 | D:3      | Reached skill level 7 in Ranged Weapons
  1449 | D:3      | Found a faded altar of an unknown god.
  1844 | D:3      | Noticed an ogre
  2020 | D:4      | Noticed an ogre
  2128 | D:4      | Killed an ogre
  2129 | D:4      | Reached skill level 1 in Short Blades
  2129 | D:4      | Reached XP level 6. HP: 23/36 MP: 8/8
  2349 | D:4      | Found a glowing drain.
  2359 | Sewer    | Entered a sewer
  2949 | D:4      | Reached skill level 8 in Ranged Weapons
  2949 | D:4      | Reached XP level 7. HP: 40/41 MP: 9/9
  3318 | D:4      | Found a sacrificial altar of Ru.
  3345 | D:4      | Became a worshipper of Ru the Awakened
  3745 | D:5      | Entered Level 5 of the Dungeon
  3903 | D:5      | Reached skill level 5 in Dodging
  4275 | D:4      | Reached skill level 9 in Ranged Weapons
  4383 | D:5      | Reached skill level 5 in Stealth
  4383 | D:5      | Reached XP level 8. HP: 41/46 MP: 10/10
  4903 | D:5      | Noticed Duvessa
  4903 | D:5      | Noticed Dowan
  5001 | D:5      | Killed Duvessa
  5015 | D:5      | Killed Dowan
  5083 | D:5      | Reached skill level 10 in Ranged Weapons
  5565 | D:6      | Found a staircase to the Ecumenical Temple.
  5576 | Temple   | Entered the Ecumenical Temple
  5615 | D:6      | Noticed Jeremiah
  5668 | D:6      | Killed Jeremiah
  5669 | D:6      | Reached XP level 9. HP: 17/52 MP: 11/11
  6284 | D:6      | Found a radiant altar of Vehumet.
  6558 | D:6      | Noticed Pikel
  6595 | D:6      | Killed Pikel
  6596 | D:6      | Reached skill level 11 in Ranged Weapons
  6750 | D:6      | Noticed Blork the orc
  6766 | D:6      | Killed Blork the orc
  6865 | D:6      | Learned a level 2 spell: Passwall
  6869 | D:6      | Learned a level 3 spell: Swiftness
  7066 | D:7      | Identified the +3 ring mail of Precision Catastrophes {MP+9
                  | Dex+5}
  7228 | D:7      | Reached skill level 5 in Fighting
  7278 | D:7      | Noticed Joseph
  7542 | D:7      | Killed Joseph
  7543 | D:7      | Reached skill level 12 in Ranged Weapons
  7608 | D:7      | Found Leonecke's Armour Shop.
  7706 | D:7      | Found Zabi's Armour Boutique.
  7815 | D:7      | Found Xofarruirgh's Armour Emporium.
  7973 | D:7      | Noticed Maggie
  8055 | D:7      | Reached XP level 10. HP: 59/59 MP: 12/12
  8158 | D:7      | Found Veiseeki's Book Boutique.
  8450 | D:7      | Found Quzipluj's General Store.
  8468 | D:7      | Bought a scroll of teleportation for 30 gold pieces
  8468 | D:7      | Bought a potion of berserk rage for 50 gold pieces
  8857 | D:8      | Reached skill level 13 in Ranged Weapons
  9704 | D:8      | Found a staircase to the Lair.
  9713 | D:8      | Gained mutation: You are weak. (Str -2) [Ru sacrifice]
 10391 | D:8      | Found a burning altar of Makhleb.
 10690 | D:9      | Found a flagged portal.
 10845 | Bailey   | Entered a bailey
 10866 | Bailey   | Noticed an orc warlord
 10969 | Bailey   | Found a runed translucent gate.
 10971 | Bailey   | Found a runed translucent gate.
 10972 | Bailey   | Found a runed translucent gate.
 11106 | Bailey   | Reached skill level 14 in Ranged Weapons
 11229 | Bailey   | Acquired 671 gold pieces
 12233 | D:9      | Reached skill level 1 in Translocations
 12233 | D:9      | Reached skill level 1 in Earth Magic
 12240 | D:9      | Reached skill level 1 in Transmutations
 12565 | D:9      | Acquired a +4 longbow of electrocution
 12709 | D:9      | Noticed Erolcha
 12716 | D:9      | Killed Erolcha
 12717 | D:9      | Reached skill level 1 in Evocations
 12717 | D:9      | Reached XP level 11. HP: 40/64 MP: 13/13
 12817 | D:9      | Found a blossoming altar of Fedhas.
 12987 | D:9      | Found a staircase to the Orcish Mines.
 13586 | D:9      | Gained mutation: You are somewhat unskilled. (-1 Apt) [Ru
                  | sacrifice]
 13586 | D:9      | Reduced skill Fighting to level 5
 13586 | D:9      | Reduced skill Ranged Weapons to level 13
 13586 | D:9      | Reduced skill Translocations to level 1
 13586 | D:9      | Reduced skill Evocations to level 1
 13586 | D:9      | Reached * piety under Ru
 13586 | D:9      | Reached ** piety under Ru
 13944 | D:7      | Killed Maggie
 14028 | D:10     | Entered Level 10 of the Dungeon
 14274 | D:10     | Found a snail-covered altar of Cheibriados.
 14383 | D:10     | Reached skill level 1 in Spellcasting
 14684 | D:10     | Found a bloodstained altar of Trog.
 14749 | D:10     | Found a stormy altar of Qazlal.
 14787 | D:10     | Noticed a two-headed ogre
 14802 | D:10     | Killed a two-headed ogre
 15099 | D:11     | Reached skill level 14 in Ranged Weapons
 15284 | D:11     | Identified the +3 buckler of the Stone Wall {Regen+ Dex-4
                  | Slay+6 Stlth-}
 15464 | D:11     | Reached XP level 12. HP: 71/71 MP: 18/18
 15820 | D:11     | Noticed a boulder beetle
 15835 | D:11     | Killed a boulder beetle
 16151 | Lair:1   | Entered Level 1 of the Lair of Beasts
 16263 | Lair:1   | Reached skill level 1 in Air Magic
 16664 | Lair:1   | Gained mutation: You cannot voluntarily change form. [Ru
                  | sacrifice]
 16913 | Lair:1   | Reached skill level 10 in Stealth
 17214 | Lair:2   | Found a staircase to the Shoals.
 17491 | Lair:2   | Found a staircase to the Snake Pit.
 17517 | Lair:2   | Reached skill level 15 in Ranged Weapons
 17989 | Lair:2   | Identified the +0 ring mail "Ewaoteh" {rCorr Int+3}
 18127 | Lair:2   | Reached skill level 5 in Spellcasting
 18341 | Lair:2   | Noticed a four-headed hydra
 18346 | Lair:2   | Killed a four-headed hydra
 18605 | Lair:2   | Reached XP level 13. HP: 76/76 MP: 22/22
 18931 | Lair:2   | Found a staircase to the Snake Pit.
 19232 | Lair:2   | Found a staircase to the Shoals.
 19815 | Lair:2   | Reached skill level 10 in Dodging
 19844 | Lair:2   | Found a staircase to the Snake Pit.
 20181 | Lair:2   | Found a staircase to the Shoals.
 20584 | Lair:3   | Learned a level 4 spell: Dimensional Bullseye
 20584 | Lair:3   | Gained mutation: You are clumsy. (Dex -2) [Ru sacrifice]
 21220 | Lair:3   | Reached skill level 5 in Transmutations
 21554 | Lair:4   | Reached skill level 5 in Earth Magic
 21766 | Lair:4   | Found a runed translucent door.
 22192 | Lair:4   | Reached skill level 16 in Ranged Weapons
 22545 | Lair:4   | HP: 2/76 [eight-headed hydra (9)]
 22545 | Lair:4   | Mangled by an eight-headed hydra

Illustrated notes

Levels and vault maps discovered:
D:1:      shiori_arrival_elements, layout_loops_ring
D:2:      layout_rooms, minmay_octomino_j4, uniq_natasha
D:3:      layout_loops_ring, ebering_ecumenical_altar_petrified
D:4:      layout_loops_ring, nicolae_ru_great_annihilating_truth,
          gup_sewer_entry_spiral, chequers_serial_rivers_room_b
D:5:      layout_layer_cave, uniq_duvessa
D:6:      layout_basic, nicolae_vehumet_radiance, minmay_temple_entry_ruins,
          uniq_jeremiah, uniq_pikel, uniq_blork_the_orc
D:7:      layout_basic, serial_shops, nicolae_shop_stone, shop, shop, shop,
          nicolae_shop_crystal, kennysheep_generic_room_10, uniq_joseph,
          uniq_maggie
D:8:      layout_cave_pools, makhleb_blood_cavern_becter, erik_lair_island,
          nicolae_straight_to_the_point
D:9:      layout_stronghold, fedhas_altar_2, hiddenorc1_lemuel, enter_bailey_2,
          minivault_7, uniq_erolcha
D:10:     layout_basic, mainiacjoe_overflow_surrounded_room, trog_antimagical,
          mainiacjoe_overflow_cross_hatched, chequers_serial_rivers_room_a
D:11:     layout_cave_pods
Temple:   hellmonk_temple_of_storms
Lair:1:   layout_small_grid
Lair:2:   layout_cellular_growth, minmay_shoals_entry_beasts,
          minmay_snake_entry_six_corridors
Lair:3:   layout_loops_ring, serial_bayou_shore_b, grunt_megastairs_3
Lair:4:   layout_misc_corridors, minmay_holes, nicolae_quartered_pool_little,
          pf_torpor_hydra

Skill      XL: |  1  2  3  4  5  6  7  8  9 10 11 12 13 |
---------------+----------------------------------------+-----
Stealth        | 2 3 4 5 6 7 9 9 10 11 | 11.0
Dodging        | 3 4 5 6 7 9 9 10 | 10.4
Fighting       | 2 3 4 5 6 6 7 |  7.3
Ranged Weapons | 6 7 8 9 10 12 14 14 15 16 | 16.1
Short Blades   | 1 2 4 4 |  4.0
Translocations | 1 2 3 4 |  4.0
Earth Magic    | 1 3 4 5 |  5.0
Transmutations | 1 3 4 5 |  5.0
Evocations     | 1 3 |  3.0
Spellcasting   | 3 5 6 |  6.3
Air Magic      | 2 3 |  3.9

Action                     |  1- 3 |  4- 6 |  7- 9 | 10-12 | 13-15 || total
---------------------------+-------+-------+-------+-------+-------++-------
  Melee: Dagger            |       |    46 |   154 |   143 |       ||   343
         Punch             |       |       |     2 |     2 |       ||     4
   Fire: Shortbow          |    74 |   158 |   337 |   212 |       ||   781
         Orcbow            |       |       |       |   100 |       ||   100
         Longbow           |       |       |       |   464 |   253 ||   717
  Throw: Dart              |       |       |     5 |    10 |     2 ||    17
   Cast: Passwall          |       |       |       |     2 |       ||     2
         Apportation       |       |       |       |     1 |       ||     1
 Invoke: Reject Sacrifices |       |       |     1 |       |       ||     1
         Sacrifice Purity  |       |       |       |     1 |     1 ||     2
         Sacrifice Skill   |       |       |       |     1 |       ||     1
         Sacrifice Forms   |       |       |       |     1 |       ||     1
  Evoke: Wand              |       |       |       |    17 |       ||    17
         Condenser vane    |       |       |       |     2 |       ||     2
    Use: Scroll            |       |     5 |     7 |    11 |     2 ||    25
         Potion            |       |     1 |       |     1 |     1 ||     3
   Stab: Sleeping          |       |       |     1 |     4 |       ||     5
         Distracted        |       |       |       |     1 |       ||     1
 Armour: Leather armour    |     7 |    13 |       |       |       ||    20
         Robe              |       |    20 |   111 |   144 |    46 ||   321
         Skin              |       |     8 |       |       |       ||     8
  Dodge: Dodged            |    14 |    36 |   207 |   295 |    49 ||   601
  Block: Other             |       |       |       |    45 |    15 ||    60
         Reflection        |       |       |       |     3 |       ||     3

Table legend: (Time is in decaauts)
 A = Elapsed time spent in this place.
 B = Non-inter-level travel time spent in this place.
 C = Inter-level travel time spent in this place.
 D = Time resting spent in this place.
 E = Time spent auto-exploring this place.
 F = Levels seen in this place.
 G = Mean time per level.
                   A        B        C        D        E       F      G
               +--------+--------+--------+--------+--------+-----+--------+
         Total |  22424 |  21092 |   1332 |   6158 |  10021 |  18 | 1245.8 |
       Dungeon |  14328 |  13202 |   1126 |   3814 |   6021 |  11 | 1302.5 |
        Temple |      1 |      1 |      0 |      0 |      0 |   1 |    1.0 |
          Lair |   6368 |   6162 |    206 |   1390 |   3861 |   4 | 1592.0 |
         Sewer |    385 |    385 |      0 |    208 |     13 |   1 |  385.0 |
        Bailey |   1340 |   1340 |      0 |    745 |    125 |   1 | 1340.0 |
               +--------+--------+--------+--------+--------+-----+--------+

Top non-repeatable levels by time:
  Lair:2: 3060 daAuts
     D:7: 1814 daAuts
     D:9: 1802 daAuts
     D:8: 1678 daAuts
     D:5: 1675 daAuts
     D:6: 1598 daAuts
     D:4: 1542 daAuts
  Bailey: 1340 daAuts
  Lair:1: 1214 daAuts
  Lair:3: 1112 daAuts
    D:11: 1110 daAuts
  Lair:4: 982 daAuts
    D:10: 956 daAuts
     D:3: 951 daAuts
     D:2: 604 daAuts
